 Dungeon Crawl Stone Soup version 0.15.0-14-g6bbbb5c (webtiles) character file.

73 Kashira the Sneak (level 4, 0/37 HPs)
             Began as a Naga Enchanter on Sept 4, 2014.
             Killed from afar by Terence (3 damage)
             ... with a wand of magic darts
             ... on Level 2 of the Dungeon.
             The game lasted 00:06:47 (2018 turns).

Kashira the Sneak (Naga Enchanter)                  Turns: 2018, Time: 00:06:48

HP   0/37        AC  4     Str 10      XL: 4   Next: 27%
MP   3/8         EV  9     Int 16      God:
Gold 73          SH  0     Dex 12      Spells:  2 memorised,  4 levels left

rFire  . . .     SeeInvis +     a - +0 mace
rCold  . . .     Clarity  .     m - +0 leather armour
rNeg   . . .     rCorr    .     (no shield)
rPois  +         rRot     .     (no helmet)
rElec  .         Spirit   .     (no cloak)
SustAb .         Warding  .     h - +0 pair of gloves (curse)
rMut   .         Stasis   .     (no barding)
Gourm  .                        (no amulet)
MR     .....                    (no ring)
                                q - cursed ring of loudness

@: short of breath, very slightly contaminated, very slow, not resistant to
hostile enchantments, unstealthy
A: spit poison, see invisible, deformed body, poison resistance, slowness 2, AC
+1
a: Spit Poison


You were on level 2 of the Dungeon.
You were very hungry.

You visited 1 branch of the dungeon, and saw 2 of its levels.

You collected 73 gold pieces.

Inventory:

Hand weapons
 a - a +0 mace (weapon)
Missiles
 l - 5 silver javelins (quivered)
Armour
 b - a +1 robe
 h - a cursed +0 pair of gloves (worn)
 m - a +0 leather armour (worn)
Comestibles
 d - a bread ration
 g - a meat ration
 u - a beef jerky
Scrolls
 f - 2 scrolls of identify {unknown}
 j - 3 scrolls of remove curse {unknown}
 k - a scroll of magic mapping {unknown}
 p - a scroll of blinking {unknown}
 r - a scroll of random uselessness {unknown}
 s - a scroll of teleportation {unknown}
 t - 2 scrolls of enchant armour {unknown}
 v - a scroll of enchant weapon {unknown}
Jewellery
 n - an uncursed amulet of resist mutation {unknown}
 q - a cursed ring of loudness (left hand)
Potions
 e - a potion of restore abilities {unknown}
 i - a potion of cancellation {unknown}
 o - a potion of mutation {unknown}
Books
 c - a book of Maledictions

   Spells                             Type                      Level
   *Corona                            Hexes                        1
   Sure Blade                         Hexes/Charms                 2
   Ensorcelled Hibernation            Hexes/Ice                    2
   Confuse                            Hexes                        3
   *Dazzling Spray                    Conjuration/Hexes            3
   Enslavement                        Hexes                        4


   Skills:
 + Level 0.6 Fighting
   Level 1.0 Short Blades
 + Level 0.6 Maces & Flails
 + Level 1.0 Armour
 + Level 1.8 Dodging
 - Level 4.4 Stealth
 + Level 2.7 Spellcasting
 + Level 3.7 Hexes


You had 4 spell levels left.
You knew the following spells:

 Your Spells              Type           Power        Failure   Level  Hunger
a - Corona                Hex            ##.....      6%          1    #......
b - Dazzling Spray        Conj/Hex       #.......     28%         3    ###....


Dungeon Overview and Level Annotations

Branches:
Dungeon (2/15)

Altars:
The Shining One

Annotations:
D:2 Terence


Innate Abilities, Weirdness & Mutations

You cannot wear boots.
You can spit poison.
Your serpentine skin is tough (AC +1).
You have supernaturally acute eyesight.
Armour fits poorly on your strangely shaped body.
Your system is resistant to poisons.
You cover ground very slowly.


Message History

Unknown command.
Terence zaps a wand.
The magic dart hits you!
You have got your breath back.
Terence zaps a wand.
The magic dart hits you!
Use which ability? (? or * to list)
Press: ? - help, Shift-Dir - straight line, f/p - Terence
Aim: Terence, wielding a trident, wearing a scale mail and carrying a wand of magic darts {zapped: 3} (heavily wounded, poisoned)
The splash of poison hits Terence.
Terence looks even sicker.
Terence is severely wounded.
You are feeling very hungry.
Casting: Dazzling Spray
Confirm with . or Enter, or press ? or * to list all spells.
Okay, then.
Terence zaps a wand.
The magic dart hits you!
Terence zaps a wand.
The magic dart hits you!
* * * LOW HITPOINT WARNING * * *
Terence zaps a wand.
The magic dart hits you!
* * * LOW HITPOINT WARNING * * *
Terence zaps a wand.
The magic dart hits you!
You die...

### # #≈PP≈≈..## P≈P≈≈≈≈....
P≈≈♣ ≈PP.... P♣ ≈≈..... ######
≈♣ ♣♣P≈P.## #....### ≈♣
♣≈≈P...# #..@...#
≈♣♣♣♣PPP...###..#.#.#####
≈≈♣≈≈%≈...........#.#...#
.≈≈≈≈P≈###.#######......######
(..PP≈.............[..........
##..##.###.....###..@..###.###
.......###.............#
......................##
####.......######.###.#


You could see Terence.

Vanquished Creatures
  Jessica (D:2)
  2 adders (D:2)
  A worm (D:2)
  A giant gecko (D:2)
  2 oozes
  3 bats
  A giant cockroach (D:1)
  3 hobgoblins
  4 kobolds
  A ball python (D:1)
  2 giant newts (D:2)
  4 goblins
  7 rats
32 creatures vanquished.

Notes
Turn   | Place    | Note
--------------------------------------------------------------
     0 | D:1      | Kashira, the Naga Enchanter, began the quest for the Orb.
     0 | D:1      | Reached XP level 1. HP: 15/15 MP: 3/3
   351 | D:1      | Reached XP level 2. HP: 22/22 MP: 4/4
  1095 | D:2      | Found a glowing golden altar of the Shining One.
  1102 | D:2      | Reached XP level 3. HP: 17/28 MP: 4/6
  1135 | D:2      | Learned a level 3 spell: Dazzling Spray
  1520 | D:2      | Noticed Jessica
  1533 | D:2      | Killed Jessica
  1533 | D:2      | Reached XP level 4. HP: 8/37 MP: 6/8
  1884 | D:2      | Reached skill level 1 in Armour
  2008 | D:2      | Noticed Terence
  2018 | D:2      | Killed from afar by Terence

Action                   |  1- 3 |  4- 6 || total
-------------------------+-------+-------++-------
Melee: Whip              |    21 |       ||    21
       Dagger            |     2 |       ||     2
       Mace              |    22 |    11 ||    33
 Cast: Corona            |    10 |       ||    10
       Dazzling Spray    |     1 |     5 ||     6
 Abil: Spit Poison       |    31 |     9 ||    40
 Stab: Invisible         |     1 |       ||     1
  Eat: Chunk             |     2 |     4 ||     6
